 Dungeon Crawl Stone Soup version 0.21-a0-516-gaaff437 (webtiles) character file.

166 KristoblXynda the Chopper (level 5, -1/41 HPs)
             Began as a Draconian Gladiator on Dec 3, 2017.
             Slain by an ogre
             ... wielding a +0 giant club
              (30 damage)
             ... on level 4 of the Dungeon.
             The game lasted 00:04:21 (2331 turns).

KristoblXynda the Chopper (Draconian Gladiator)     Turns: 2331, Time: 00:04:21

Health: -1/41      AC:  7    Str: 18    XL:     5   Next: 22%
Magic:  5/5        EV: 13    Int:  8    God:
Gold:   152        SH:  0    Dex: 12    Spells: 4/4 levels left

rFire    . . .     SeeInvis .   a - +0 war axe
rCold    . . .     Gourm    .   (no shield)
rNeg     . . .     Faith    .   (armour unavailable)
rPois    .         Spirit   .   b - +0 hat
rElec    .         Reflect  .   f - +0 cloak
rCorr    .         Harm     .   p - +0 pair of gloves
MR       .....                  (no boots)
Stlth    +.........             (no amulet)
HPRegen  0.13/turn              (no ring)
MPRegen  0.09/turn              (no ring)

@: no status effects
A: unfitting armour, cold-blooded, AC +5
a: no special abilities


You were on level 4 of the Dungeon.
You were not hungry.

You visited 1 branch of the dungeon, and saw 4 of its levels.

You collected 152 gold pieces.

Inventory:

Hand Weapons
 a - a +0 war axe (weapon)
Missiles
 c - 3 throwing nets (quivered)
Armour
 b - a +0 hat (worn)
 f - a +0 cloak (worn)
 p - a +0 pair of gloves (worn)
Jewellery
 s - an uncursed amulet of magic regeneration
Scrolls
 h - a scroll of magic mapping {unknown}
 i - a scroll of noise {unknown}
 k - a scroll of enchant armour {unknown}
 m - a scroll of immolation {unknown}
 n - 2 scrolls of remove curse {unknown}
 q - a scroll of teleportation {unknown}
Potions
 g - 2 potions of haste
 l - 3 potions of curing
 r - a potion of berserk rage
Comestibles
 d - a bread ration
 j - 5 royal jellies
 o - a meat ration


   Skills:
 - Level 2.1 Fighting
 * Level 4.7 Axes
 + Level 2.8 Throwing
 + Level 3.5 Dodging


You had 4 spell levels left.
You didn't know any spells.

Dungeon Overview and Level Annotations

Branches:
Dungeon (4/15)
 Temple: D:4-7

Altars:
Dithmenos
Elyvilon
Makhleb
Qazlal
Trog


Innate Abilities, Weirdness & Mutations

Your plain brown scales are hard. (AC +5)
You cannot fit into any form of body armour.
You are cold-blooded and may be slowed by cold attacks.


Message History

s - a glowing ruby amulet
As you read the scroll of identify, it crumbles to dust.
s - an uncursed amulet of magic regeneration
As you read the scroll of identify, it crumbles to dust.
r - a potion of berserk rage Unknown command.
Found a dagger.
A leopard gecko skeleton comes into view.
An adder skeleton comes into view.
The ogre shouts!
The ogre hits you with a giant club!
Found a stone staircase leading down.
You slash the ogre!
The ogre is moderately wounded.
The ogre closely misses you.
You hit the ogre but do no damage.
The ogre is moderately wounded.
The ogre hits you with a giant club!!
Ouch! That really hurt!
You die...

.......................
........................
........................
........................
........................
.....^..................
.................................
.................................
................@O...............
.................Z.......<.......
.................................
.................................
.................................
#.............................
##..<..######..................
#....#..# ##.................
#.......## ##....)............


You could see an ogre and an adder skeleton.

Vanquished Creatures
  A water moccasin skeleton (D:4)
  A hound (D:4)
  2 adders (D:2)
  A worm (D:3)
  2 dart slugs (D:1)
  6 leopard geckos
  An orc (D:3)
  4 bats
  6 giant cockroaches
  3 hobgoblins
  A quokka (D:2)
  2 ball pythons
  4 frilled lizards
  8 goblins
  7 kobolds
  13 rats
62 creatures vanquished.

Notes
Turn   | Place    | Note
-------+----------+-------------------------------------------
     0 | D:1      | KristoblXynda the Draconian Gladiator began the quest for the Orb.
     0 | D:1      | Reached XP level 1. HP: 17/17 MP: 1/1
   321 | D:1      | Reached XP level 2. HP: 16/24 MP: 2/2
  1006 | D:1      | You fall through a shaft!
  1021 | D:2      | Reached XP level 3. HP: 24/29 MP: 3/3
  1372 | D:2      | Reached skill level 4 in Axes
  1422 | D:3      | Reached XP level 4. HP: 30/36 MP: 4/4
  1488 | D:3      | Found a shadowy altar of Dithmenos.
  1492 | D:3      | Found a burning altar of Makhleb.
  1492 | D:3      | Found a bloodstained altar of Trog.
  1492 | D:3      | Found a stormy altar of Qazlal.
  2015 | D:4      | Reached XP level 5. HP: 17/41 MP: 5/5
  2210 | D:4      | Found a white marble altar of Elyvilon.
  2225 | D:4      | Noticed an ogre
  2226 | D:4      | Noticed an ogre
  2331 | D:4      | Slain by an ogre

Vault maps used:
D:1:      dpeg_arrival_radiant
D:3:      grunt_temple_overflow_open
D:4:      kennysheep_mini_moat

Skill      XL: |  1  2  3 |
---------------+----------+-----
Throwing       | 2 |  2.8
Dodging        | 3 |  3.5
Axes           | 4 |  4.7
Fighting       | |  2.1

Action                   |  1- 3 |  4- 6 || total
-------------------------+-------+-------++-------
Melee: War axe           |   107 |    60 ||   167
       Tailslap          |    10 |     8 ||    18
  Use: Scroll            |       |     4 ||     4
 Stab: Sleeping          |     2 |       ||     2
  Eat: Chunk             |     2 |     1 ||     3
       Meat ration       |       |     1 ||     1
Armor: Skin              |    31 |    18 ||    49
Dodge: Dodged            |    88 |    51 ||   139

Table legend:
 A = Spawn XP
 B = Non-spawn XP
 C = Spawn XP percentage of total XP
 D = Spawn monster count
 E = Non-spawn monster count
 F = Spawn count percentage of total count
 G = Total turns spent on level
                    A         B        C        D         E        F      G
               +---------+---------+-------+---------+---------+-------+---------
         Total |       0 |     238 |   0.0 |       0 |      62 |   0.0 |  2331
               +---------+---------+-------+---------+---------+-------+---------
           D:1 |       0 |      41 |   0.0 |       0 |      23 |   0.0 |  1067
           D:2 |       0 |      53 |   0.0 |       0 |      19 |   0.0 |   344
           D:3 |       0 |      35 |   0.0 |       0 |      18 |   0.0 |   515
           D:4 |       0 |     109 |   0.0 |       0 |       2 |   0.0 |   405
               +---------+---------+-------+---------+---------+-------+---------
